 Dungeon Crawl Stone Soup version 0.29-a0-919-gd064cfad1c (webtiles) character file.

Game seed: 1342754412318869316

21 mcwallace the Shield-Bearer (level 2, -2/16 HPs)
             Began as a Vine Stalker Fighter on July 26, 2022.
             Slain by a jackal (3 damage)
             ... on level 1 of the Dungeon.
             The game lasted 00:01:02 (402 turns).

mcwallace the Shield-Bearer (Vine Stalker Fighter)   Turns: 402, Time: 00:01:03

Health: -2/16      AC:  6    Str: 18    XL:     2   Next: 83%
Magic:  0/4        EV:  9    Int: 14    God:
Gold:   3          SH:  4    Dex: 13    Spells: 2/2 levels left

rFire   . . .      SeeInvis .   a - +0 rapier {short}
rCold   . . .      Faith    .   c - +0 buckler
rNeg    . . .      Spirit   +   b - +0 scale mail
rPois   .          Reflect  .   (no helmet)
rElec   .          Harm     .   (no cloak)
rCorr   .          Rampage  .   (no gloves)
Will    .....                   (no boots)
Stlth   ..........              (no amulet)
HPRegen 0.05/turn               j - ring of wizardry
MPRegen 0.09/turn               k - +6 ring of intelligence

@: no status effects
A: fangs 2, magic shield, antimagic bite, no potion heal 2
a: no special abilities


You were on level 1 of the Dungeon.
You visited 1 branch of the dungeon, and saw 1 of its levels.

You collected 3 gold pieces.


Innate Abilities, Weirdness & Mutations

You have extremely sharp teeth.
When hurt, damage is shared between your health and your magic reserves.
Your bite disrupts and absorbs the magic of your enemies.
Potions cannot restore your health.


   Skills:
 + Level 2.9 Fighting
 + Level 2.0 Short Blades
 + Level 2.6 Armour
 + Level 2.9 Shields
 + Level 0.8 Spellcasting


You had 2 spell levels left.
You didn't know any spells.
Your spell library was empty.

Inventory:

Hand Weapons
 a - a +0 rapier (weapon) {short}
 f - a +0 short sword of freezing {short}
   (You took it off a kobold on level 1 of the Dungeon)
Missiles
 e - 4 poisoned darts (quivered) {throwing}
 g - 7 stones {throwing}
Armour
 b - a +0 scale mail (worn)
 c - a +0 buckler (worn)
 i - a +0 leather armour
   (You found it on level 1 of the Dungeon)
Jewellery
 j - a ring of wizardry (left hand)
   (You found it on level 1 of the Dungeon)
 k - a +6 ring of intelligence (right hand)
   (You found it on level 1 of the Dungeon)
Scrolls
 h - 2 scrolls of identify {unknown}
 l - a scroll of teleportation {unknown}
Potions
 d - a potion of might

Dungeon Overview and Level Annotations

Branches:
Dungeon (1/15) Zot: 5590

Altars:

.........>......... #
..##....####.......### .#
..##....# #........##.######
..###...# #.####...........
..# #...######.###............
..# #...#......##.............
### #...#.....................
# ##...#.....†##..†..........
####...........h@.............
.....####.....)##.......$.....
###### #......###............
# #......# ##.....#..... #
######## ###########. # #


You could see a jackal.


Message History

The jackal attacks as you move away! The jackal bites you.
The jackal attacks as you move away!
The jackal bites you but does no damage. 😮 HP[-2]
You take 2 damage, and now have 11/16 hp.
The jackal barely misses you. 😮 HP[+1]
You hit the jackal. Your bite misses the jackal.
The jackal bites you but does no damage.
You hit the jackal.
You kill the jackal!
You block the jackal's attack.
A quokka comes into view.
The jackal barely misses you. The endoplasm hits you.
You block the jackal's attack. 😮 HP[-1]
You take 1 damage, and now have 11/16 hp.
You hit the endoplasm.
The jackal bites you but does no damage.
The endoplasm hits you. 😮 HP[-2]
You take 2 damage, and now have 9/16 hp.
You hit the endoplasm.
You kill the endoplasm!
The jackal bites you.
* * * LOW HITPOINT WARNING * * *
The jackal bites you but does no damage.
The endoplasm freezes you.
You are frozen.
* * * LOW HITPOINT WARNING * * *
😨 HP[-3]
You take 3 damage, and now have 6/16 hp.
You hit the endoplasm.
You kill the endoplasm!
The jackal bites you but does no damage. x2
You hit the jackal but do no damage. The quokka misses you.
The jackal bites you but does no damage.
The quokka barely misses you. The jackal barely misses you.
You hit the jackal but do no damage. Your bite misses the jackal.
The jackal barely misses you.
The quokka bites you but does no damage.
You barely miss the jackal. Your bite misses the jackal.
The jackal bites you but does no damage.
The quokka misses you. You block the jackal's attack.
You hit the jackal but do no damage.
The quokka bites you but does no damage.
The jackal barely misses you. The quokka closely misses you.
You hit the jackal. The jackal closely misses you.
The quokka bites you but does no damage.
You block the jackal's attack.
You barely miss the jackal. You block the quokka's attack.
The jackal bites you.
* * * LOW HITPOINT WARNING * * *
😱 HP[-2] MP[-1]
You take 2 damage, and now have 4/16 hp.
You lost 1 mp, and now have 3/4 mp.
You hit the quokka but do no damage. You bite the quokka, but do no damage.
The jackal bites you.
* * * LOW HITPOINT WARNING * * *
The quokka misses you. The jackal barely misses you.
The quokka bites you but does no damage. 😱 HP[-2]
You take 2 damage, and now have 2/16 hp.
You barely miss the quokka.
The jackal bites you but does no damage.
The quokka bites you but does no damage.
You completely miss the quokka.
The jackal bites you but does no damage.
The quokka bites you but does no damage.
The jackal bites you.
* * * LOW HITPOINT WARNING * * *
😱 HP[-1]
You take 1 damage, and now have 1/16 hp.
You hit the quokka but do no damage. The quokka barely misses you.
The jackal barely misses you. You block the quokka's attack.
The jackal bites you but does no damage. 😱 HP[+1]
You barely miss the quokka. Your bite misses the quokka.
The jackal bites you but does no damage.
The quokka closely misses you.
You hit the quokka. The jackal closely misses you.
You block the quokka's attack. The jackal barely misses you.
You closely miss the quokka. Your bite misses the quokka.
You block the quokka's attack. The jackal bites you.
* * * LOW HITPOINT WARNING * * *
The quokka bites you. 😱 HP[-1] MP[-3]
You take 1 damage, and now have 1/16 hp.
You lost 3 mp, and now have 0/4 mp.
You closely miss the quokka. Your bite misses the quokka.
The jackal barely misses you.
The quokka bites you but does no damage.
The jackal bites you but does no damage.
You hit the quokka.
You kill the quokka!
The jackal bites you but does no damage.
You miss the jackal. The jackal bites you. You block the jackal's attack.
You barely miss the jackal. You bite the jackal, but do no damage.
The jackal closely misses you. The jackal bites you.
You die...

Skill      XL: |  1  2 |
---------------+-------+-----
Short Blades   | 2 |  2.0
Fighting       | |  2.9
Armour         | |  2.6
Shields        | |  2.9
Spellcasting   | |  0.8

Action                   || total
-------------------------++-------
Melee: Rapier            ||    49
       Bite              ||    13
Armor: Scale mail        ||    31
Dodge: Dodged            ||    34
Block: Buckler           ||    12

Levels and vault maps discovered:
D:1:      wheals_arrival_shading, layout_rooms, minivault_4

Notes
Turn   | Place    | Note
-------+----------+-------------------------------------------
     0 | D:1      | mcwallace the Vine Stalker Fighter began the quest for the
                  | Orb.
     0 | D:1      | Reached XP level 1. HP: 11/11 MP: 2/2
     0 | D:1      | magus.rc [v1.9.6]
   120 | D:1      | Reached XP level 2. HP: 16/16 MP: 3/3
   231 | D:1      | Reached skill level 2 in Short Blades
   391 | D:1      | HP: 4/16 [jackal (2)]
   394 | D:1      | HP: 1/16 [jackal (1)]
   402 | D:1      | Slain by a jackal

Vanquished Creatures
  3 endoplasms (D:1)
  2 giant cockroaches (D:1)
  5 hobgoblins (D:1)
  A jackal (D:1)
  2 quokkas (D:1)
  A bat (D:1)
  2 kobolds (D:1)
  A rat (D:1)
17 creatures vanquished.

Table legend:
 A = Non-vault XP
 B = Vault XP
 C = Vault XP percentage of total XP
 D = Non-vault monster count
 E = Vault monster count
 F = Vault count percentage of total count
                 A         B        C        D         E       F
            +---------+---------+-------+---------+---------+-------
      Total |      30 |       0 |   0.0 |      17 |       0 |   0.0
            +---------+---------+-------+---------+---------+-------
        D:1 |      30 |       0 |   0.0 |      17 |       0 |   0.0
            +---------+---------+-------+---------+---------+-------

Illustrated notes

Table legend:
 A = Kills in this place as a percentage of kills in entire the game.
 B = Kills by you in this place as a percentage of kills by you in the entire game.
 C = Kills by friends in this place as a percentage of kills by friends in the entire game.
 D = Other kills in this place as a percentage of other kills in the entire game.
 E = Experience gained in this place as a percentage of experience gained in the entire game.
 F = Experience gained in this place divided by the number of levels of this place that you have seen.
                   A       B       C       D       E      F
               +-------+-------+-------+-------+-------+----------------------
         Total | 100.0 | 100.0 |   N/A |   N/A | 100.0 |  30.0
       Dungeon | 100.0 | 100.0 |   N/A |   N/A | 100.0 |  30.0
               +-------+-------+-------+-------+-------+----------------------

Table legend: (Time is in decaauts)
 A = Elapsed time spent in this place.
 B = Non-inter-level travel time spent in this place.
 C = Inter-level travel time spent in this place.
 D = Time resting spent in this place.
 E = Time spent auto-exploring this place.
 F = Levels seen in this place.
 G = Mean time per level.
                   A        B        C        D        E       F      G
               +--------+--------+--------+--------+--------+-----+--------+
         Total |    408 |    408 |      0 |      0 |    282 |   1 |  408.0 |
       Dungeon |    408 |    408 |      0 |      0 |    282 |   1 |  408.0 |
               +--------+--------+--------+--------+--------+-----+--------+

Top non-repeatable levels by time:
     D:1: 408 daAuts
